 Dungeon Crawl Stone Soup version 0.28-a0-1087-gf3fc490d9d (webtiles) character file.

Game seed: 17996006785973395052

6498 Armakuni the Thrower (level 11, -5/80 HPs)
             Began as a Human Gladiator on Dec 10, 2021.
             Was a Believer of Elyvilon.
             Slain by a vampire (9 damage)
             ... on level 8 of the Dungeon.
             The game lasted 00:32:37 (10569 turns).

Armakuni the Thrower (Human Gladiator)             Turns: 10569, Time: 00:32:39

Health: -5/80      AC:  9    Str: 16    XL:     11   Next: 19%
Magic:  2/13       EV: 14    Int: 14    God:    Elyvilon [**....]
Gold:   1125       SH:  0    Dex: 17    Spells: 7/10 levels left

rFire   . . .      SeeInvis .   a - +0 quarterstaff (venom)
rCold   + . .      Faith    .   (shield currently unavailable)
rNeg    . . .      Spirit   .   w - +0 steam dragon scales
rPois   .          Reflect  .   d - +2 hat {Stlth+}
rElec   .          Harm     .   k - +0 cloak
rCorr   .          Rampage  .   (no gloves)
Will    +....                   (no boots)
Stlth   +++.......              R - amulet of regeneration
HPRegen 1.03/turn               M - ring of willpower
MPRegen 0.13/turn               O - ring of the Octopus King {rC+ AC+1 EV+1 Str+1 Int+1 Dex+1}

@: hasted (expiring), unable to read, very quick
A: hooves 1, agile 1
a: Renounce Religion, Purification, Heal Other


You were on level 8 of the Dungeon.
You worshipped Elyvilon.
Elyvilon was pleased with you.
You visited 2 branches of the dungeon, and saw 10 of its levels.

You collected 1537 gold pieces.
You spent 412 gold pieces at shops.

Inventory:

Hand Weapons
 a - a +0 quarterstaff of venom (weapon)
 j - a +0 dire flail
 x - a +1 hand axe of flaming
Missiles
 f - 2 throwing nets
 o - 8 boomerangs (quivered)
 p - 21 poisoned darts
Armour
 b - a +1 buckler
 d - a +2 hat of stealth (worn)
 k - a +0 cloak (worn)
 n - the +9 chain mail of the Playwright {Harm rElec Dex+3 Slay+2}
   (You bought it in a shop on level 5 of the Dungeon)

   Dex:       It affects your dexterity (+3).
   Slay:      It affects your accuracy & damage with ranged weapons and melee
   (+2).
   rElec:     It insulates you from electricity.
   Harm:      It increases damage dealt and taken.
 w - +0 steam dragon scales (worn)
 A - a +0 plate armour
Jewellery
 M - a ring of willpower (left hand)
 O - a ring of the Octopus King (right hand) {rC+ AC+1 EV+1 Str+1 Int+1 Dex+1}
   (You found it on level 7 of the Dungeon)

   [ring of protection from cold]

   AC:        It affects your AC (+1).
   EV:        It affects your evasion (+1).
   Str:       It affects your strength (+1).
   Int:       It affects your intelligence (+1).
   Dex:       It affects your dexterity (+1).
   rC:        It protects you from cold.
 R - an amulet of regeneration (around neck)
 W - a ring of wizardry
Wands
 u - a wand of charming (2)
Scrolls
 c - 2 scrolls of enchant armour
 h - 6 scrolls of teleportation
 l - 2 scrolls of fog
 m - 2 scrolls of immolation
 t - a scroll of amnesia
 z - a scroll of summoning
Potions
 g - a potion of flight
 i - a potion of resistance
 q - a potion of haste


   Skills:
 + Level 5.4 Fighting
 + Level 6.1 Staves
 - Level 14.1 Throwing
 - Level 3.0 Dodging
 + Level 3.1 Invocations
 - Level 10.0 Evocations


You had 7 spell levels left.
You knew the following spells:

 Your Spells              Type           Power      Damage    Failure   Level
a - Apportation           Tloc           0%         N/A       28%         1
b - Blink                 Tloc           0%         N/A       41%         2

Your spell library contained the following spells:

 Spells                   Type           Power      Damage    Failure   Level
 Animate Skeleton         Necr           0%         N/A       28%         1
 Pain                     Necr           0%         1d4       28%         1
 Corpse Rot               Necr/Air       0%         N/A       41%         2
 Poisonous Vapours        Pois/Air       0%         N/A       41%         2
 Sublimation of Blood     Necr           0%         N/A       41%         2
 Lesser Beckoning         Tloc           0%         N/A       65%         3
 Vampiric Draining        Necr           0%         2d6       65%         3
 Petrify                  Tmut/Erth      0%         N/A       96%         4
 Alistair's Intoxication  Tmut/Pois      0%         N/A       100%        5
 Irradiate                Conj/Tmut      0%         3d14      100%        5
 Manifold Assault         Tloc           0%         N/A       100%        5


Dungeon Overview and Level Annotations

Branches:
Dungeon (9/15)             Temple (1/1) D:5
   Lair: D:8-11         Orc: D:9-12

Altars:
Ashenzari
Cheibriados
Dithmenos
Elyvilon
Fedhas
Gozag
Hepliaklqana
Kikubaaqudgha
Makhleb
Nemelex Xobeh
Okawaru
Qazlal
Ru
Sif Muna
Trog
Uskayaw
Vehumet
Wu Jian
Xom
Yredelemnul
Zin
The Shining One

Shops:
D:2 :   D:4 [?   D:5 *[[


Innate Abilities, Weirdness & Mutations

You have large cloven feet.
You are agile. (Dex +2)


Message History

* * * LOW HITPOINT WARNING * * *
Something bites you.
* * * LOW HITPOINT WARNING * * *
Something draws strength from your injuries!
Press: ? - help, Dir - move target The light of Elyvilon fails to reach something.
Something hits you but does no damage. Something bites you.
* * * LOW HITPOINT WARNING * * *
Something draws strength from your injuries!
Press: ? - help, Dir - move target The light of Elyvilon fails to reach something.
Press: ? - help, Dir - move target The light of Elyvilon fails to reach something.
Something hits you.
* * * LOW HITPOINT WARNING * * *
Something bites you.
* * * LOW HITPOINT WARNING * * *
Something draws strength from your injuries!
You feel less attractive to monsters.
You cannot read scrolls in your current state!
You feel better. Something hits you!
* * * LOW HITPOINT WARNING * * *
Something barely misses you.
Really quaff the potion of mutation?
You feel extremely strange.
You feel stronger.
You can once more read scrolls while threatened.
You feel agile.
Your feet thicken and deform.
Unknown command.
You hit something. You kick something. Something hits you.
Elyvilon protects you from harm! Something barely misses you.
You completely miss something. Something hits you but does no damage.
Something bites you.
* * * LOW HITPOINT WARNING * * *
Something draws strength from your injuries!
You barely miss something. You kick something.
Your extra speed is starting to run out.
You hit something. Something hits you!
You die...

##......# ####......#
#........## #....#..(.#
###### ##...##...###...##
##..###....##.....
##...###.##........
##..................
#..@#.##............
##.{..##............
###..................
##...>)...............
####..........##.........
##..............#.......##
##....>.............##..###
#.......................###
##.................#..<....


There were no monsters in sight!

Vanquished Creatures
  Gastronok (D:8)
  Harold (D:7)
  Pikel (D:5)
  A gargoyle (D:9)
  A hornet (D:7)
  A wyvern (D:8)
  A yak (D:8)
  Eustachio (D:6)
  A wraith (D:7)
  2 steam dragons
  A water moccasin (D:6)
  An ice beast (D:8)
  4 orc warriors
  A wolf (D:8)
  An ogre (D:5)
  2 centaurs
  Blork the orc (D:6)
  A bullfrog (D:6)
  A water moccasin zombie (D:6)
  3 scorpions
  A wyvern skeleton (D:7)
  5 wights (D:8)
  5 centaur zombies
  4 bullfrog zombies
  2 jellies
  2 orc priests
  2 hounds
  2 bullfrog skeletons (D:6)
  2 iguanas
  5 orc wizards
  2 killer bee zombies
  11 gnolls
  8 adders
  A shadow imp (D:5)
  2 white imps (D:7)
  2 ufetubi (D:4)
  An adder skeleton (D:4)
  2 worms
  2 dart slugs
  25 orcs
  4 ball pythons
  11 endoplasms
  18 giant cockroaches
  3 goblins
  4 hobgoblins
  4 jackals
  8 kobolds
  5 quokkas
  3 bats
  4 frilled lizards
  3 rats
180 creatures vanquished.

Vanquished Creatures (collateral kills)
  Grum (D:8)
  An ogre (D:7)
  A wolf (D:8)
  A centaur (D:7)
  A kobold brigand (D:8)
  A jelly (D:7)
  An orc (D:7)
7 creatures vanquished.

Vanquished Creatures (others)
  2 hornet zombies
  A bullfrog (D:8)
  An orc (D:9)
  4 plants
8 creatures vanquished.

Grand Total: 195 creatures vanquished

Notes
Turn   | Place    | Note
-------+----------+-------------------------------------------
     0 | D:1      | Armakuni the Human Gladiator began the quest for the Orb.
     0 | D:1      | Reached XP level 1. HP: 16/16 MP: 1/1
   200 | D:1      | Reached XP level 2. HP: 20/22 MP: 2/2
  1031 | D:2      | Reached XP level 3. HP: 24/28 MP: 3/3
  1267 | D:2      | Learned a level 1 spell: Apportation
  1312 | D:2      | Reached XP level 4. HP: 21/35 MP: 4/4
  1644 | D:2      | Learned a level 2 spell: Blink
  1821 | D:2      | Found a burning altar of Makhleb.
  2046 | D:2      | Found Bewn's Book Boutique.
  2425 | D:3      | Reached XP level 5. HP: 40/41 MP: 3/5
  2801 | D:3      | Found a faded altar of an unknown god.
  3062 | D:3      | Reached skill level 5 in Staves
  3062 | D:3      | Reached skill level 1 in Evocations
  3062 | D:3      | Reached XP level 6. HP: 20/48 MP: 3/6
  3725 | D:4      | Found Gothrarol's Antique Armour Shop.
  4421 | D:4      | Found Fyhip's Magic Scroll Shoppe.
  4430 | D:4      | Bought a scroll of blinking for 90 gold pieces
  4430 | D:4      | Bought a scroll of fog for 24 gold pieces
  4430 | D:4      | Bought a scroll of immolation for 42 gold pieces
  5137 | D:5      | Entered Level 5 of the Dungeon
  5401 | D:5      | Reached XP level 7. HP: 55/55 MP: 7/7
  5483 | D:5      | Reached skill level 3 in Throwing
  5505 | D:5      | Found a staircase to the Ecumenical Temple.
  5525 | Temple   | Entered the Ecumenical Temple
  5784 | Temple   | Became a worshipper of Elyvilon the Healer
  5868 | D:5      | Found Dayfrum's Antique Armour Emporium.
  5891 | D:5      | Reached skill level 4 in Throwing
  5892 | D:5      | Found Paugod's Armour Boutique.
  5909 | D:5      | Noticed Pikel
  5916 | D:5      | Killed Pikel
  5917 | D:5      | Reached skill level 6 in Throwing
  5917 | D:5      | Reached XP level 8. HP: 50/61 MP: 6/8
  6117 | D:5      | Found Nocemele's General Store.
  6424 | D:6      | Reached * piety under Elyvilon
  6429 | D:6      | Reached skill level 7 in Throwing
  6429 | D:6      | Reached skill level 5 in Evocations
  6642 | D:6      | Noticed Blork the orc
  7123 | D:6      | Killed Blork the orc
  7124 | D:6      | Reached skill level 8 in Throwing
  7130 | D:6      | Noticed Eustachio
  7332 | D:6      | Killed Eustachio
  7333 | D:6      | Reached skill level 9 in Throwing
  7333 | D:6      | Reached XP level 9. HP: 62/66 MP: 9/9
  7756 | D:6      | Reached skill level 10 in Throwing
  7876 | D:6      | Reached skill level 11 in Throwing
  8031 | D:6      | Found a basalt altar of Yredelemnul.
  8081 | D:6      | Found a basalt altar of Yredelemnul.
  8376 | D:7      | Reached skill level 12 in Throwing
  8382 | D:7      | Noticed a hornet
  8384 | D:7      | Paralysed by a hornet for 3 turns
  8389 | D:7      | Killed a hornet
  8534 | D:7      | Noticed Harold
  8574 | D:7      | Killed Harold
  8575 | D:7      | Reached skill level 14 in Throwing
  8575 | D:7      | Reached XP level 10. HP: 68/73 MP: 10/10
  8676 | D:7      | Found the ring of the Octopus King
  8766 | D:7      | Reached ** piety under Elyvilon
  9092 | D:7      | Identified a ring of the Octopus King {rC+ AC+1 EV+1 Str+1
                  | Int+1 Dex+1}
  9338 | D:8      | Noticed Gastronok
  9566 | D:8      | Identified a scroll of acquirement
  9566 | D:8      | Acquired 1178 gold pieces
  9613 | D:8      | Killed Gastronok
  9614 | D:8      | Reached skill level 10 in Evocations
 10032 | D:5      | Bought a twisted chain mail for 256 gold pieces
 10032 | D:5      | Identified the +9 chain mail of the Playwright {Harm rElec
                  | Dex+3 Slay+2} (You bought it in a shop on level 5 of the
                  | Dungeon)
 10144 | D:8      | Noticed Grum
 10157 | D:8      | Reached skill level 1 in Invocations
 10157 | D:8      | Reached XP level 11. HP: 64/78 MP: 11/11
 10162 | D:8      | Killed Grum
 10306 | D:8      | Reached skill level 5 in Fighting
 10345 | D:9      | Reached *** piety under Elyvilon
 10521 | D:9      | Gained mutation: You sometimes lose the ability to read
                  | scrolls when taking damage. [potion of mutation]
 10521 | D:9      | Gained mutation: You are weak. (Str -2) [potion of
                  | mutation]
 10564 | D:8      | HP: 1/80 [something (10)]
 10565 | D:8      | Lost mutation: You are weak. (Str -2) [potion of mutation]
 10565 | D:8      | Lost mutation: You sometimes lose the ability to read
                  | scrolls when taking damage. [potion of mutation]
 10565 | D:8      | Gained mutation: You are agile. (Dex +2) [potion of
                  | mutation]
 10565 | D:8      | Gained mutation: You have large cloven feet. [potion of
                  | mutation]
 10566 | D:8      | Elyvilon protects you from harm!
 10569 | D:8      | Slain by a vampire

Illustrated notes

Levels and vault maps discovered:
D:1:      roderic_crop_circles_arrival_small, layout_loops_ring
D:2:      layout_loops_ring, basic_altar, serial_shops, shop,
          minmay_misc_feat_five, minmay_tetromino_i2
D:3:      minmay_roachtagon, layout_rooms,
          shapermc_ecumenical_altar_mp_urbaneastern
D:4:      layout_loops_corners, serial_shops, nicolae_shop_behind_doors,
          nicolae_shop_trees, minmay_manual_mullet
D:5:      layout_basic, minmay_temple_entry_butterflies, serial_shops, shop,
          shop, shop, hangedman_decor_clover_reticule, uniq_pikel
D:6:      layout_cave_pools, nicolae_yredelemnul_corpse_copse,
          kennysheep_flooded_box, kennysheep_doodads, uniq_eustachio,
          uniq_blork_the_orc
D:7:      minmay_clustersquares, layout_loops_ring, eino_curves_01, uniq_harold
D:8:      layout_cave_pools, uniq_grum, uniq_gastronok
D:9:      layout_rooms, amethyst_killhole
Temple:   mainiacjoe_temple_circle_huts

Skill      XL: |  1  2  3  4  5  6  7  8  9 10 11 |
---------------+----------------------------------+-----
Fighting       | 3 4 5 |  5.4
Staves         | 4 5 6 |  6.1
Evocations     | 1 2 4 6 10 | 10.0
Throwing       | 6 9 14 | 14.1
Invocations    | 1 3 |  3.1
Dodging        | |  3.0

Action                   |  1- 3 |  4- 6 |  7- 9 | 10-12 || total
-------------------------+-------+-------+-------+-------++-------
Melee: Quarterstaff      |    64 |   266 |   156 |   134 ||   620
       Kick              |       |       |       |     2 ||     2
Throw: Throwing net      |       |     8 |       |     2 ||    10
       Dart              |       |       |    22 |    24 ||    46
       Boomerang         |       |       |    55 |    76 ||   131
Invok: Heal Other        |       |       |       |     6 ||     6
       Heal Self         |       |       |       |     1 ||     1
Evoke: Wand              |       |       |    18 |    10 ||    28
  Use: Scroll            |       |     5 |     5 |     6 ||    16
       Potion            |       |     1 |     1 |     7 ||     9
Armor: Ring mail         |    34 |   114 |    52 |       ||   200
       Leather armour    |     3 |       |    14 |    51 ||    68
       Scale mail        |       |       |     6 |       ||     6
       Steam dragon scal |       |       |       |    20 ||    20
Dodge: Dodged            |    39 |   172 |   122 |   105 ||   438

Table legend: (Time is in decaauts)
 A = Elapsed time spent in this place.
 B = Non-inter-level travel time spent in this place.
 C = Inter-level travel time spent in this place.
 D = Time resting spent in this place.
 E = Time spent auto-exploring this place.
 F = Levels seen in this place.
 G = Mean time per level.
                   A        B        C        D        E       F      G
               +--------+--------+--------+--------+--------+-----+--------+
         Total |  10598 |   9918 |    680 |   1696 |   5971 |  10 | 1059.8 |
       Dungeon |  10272 |   9615 |    657 |   1696 |   5707 |   9 | 1141.3 |
        Temple |    325 |    302 |     23 |      0 |    264 |   1 |  325.0 |
               +--------+--------+--------+--------+--------+-----+--------+

Top non-repeatable levels by time:
     D:5: 1625 daAuts
     D:2: 1577 daAuts
     D:4: 1327 daAuts
     D:7: 1279 daAuts
     D:3: 1278 daAuts
     D:6: 1168 daAuts
     D:1: 1027 daAuts
     D:8: 790 daAuts
  Temple: 325 daAuts
     D:9: 197 daAuts
